 Dungeon Crawl Stone Soup version 0.22-a0-469-gf26638a (webtiles) character file.

625 Mamutox the Sneak (level 7, -1/32 HPs)
             Began as a Spriggan Enchanter on June 12, 2018.
             Killed from afar by an orc wizard (10 damage)
             ... with a magic dart
             ... on level 4 of the Dungeon.
             The game lasted 00:22:29 (5630 turns).

Mamutox the Sneak (Spriggan Enchanter)              Turns: 5630, Time: 00:22:30

Health: -1/32      AC:  2    Str:  4    XL:     7   Next: 23%
Magic:  10/14      EV: 22    Int: 17    God:
Gold:   194        SH:  0    Dex: 18    Spells: 8/15 levels left

rFire    . . .     SeeInvis +   a - +1 dagger
rCold    . . .     Gourm    .   (shield restricted)
rNeg     . . .     Faith    .   f - +0 robe
rPois    .         Spirit   .   (helmet restricted)
rElec    .         Reflect  .   (no cloak)
rCorr    .         Harm     .   (gloves unavailable)
MR       +....                  (boots unavailable)
Stlth    ++++......             (no amulet)
HPRegen  0.10/turn              (no ring)
MPRegen  0.14/turn              (no ring)

@: very quick
A: very small, unfitting armour, see invisible, herbivore, speed 3, slow
metabolism 2
a: no special abilities


You were on level 4 of the Dungeon.
You were very hungry.

You visited 1 branch of the dungeon, and saw 5 of its levels.

You collected 194 gold pieces.

Inventory:

Hand Weapons
 a - a +1 dagger (weapon)
 b - a +0 blowgun
 q - a +0 rapier
 y - a +0 hunting sling
Missiles
 g - 246 stones
 n - 3 throwing nets
 z - 26 poisoned needles (quivered)
Armour
 f - a +0 robe (worn)
 v - a +0 buckler
Jewellery
 e - an uncursed ring of magical power {unknown}
Wands
 p - a wand of acid (14)
Scrolls
 c - 5 scrolls of identify {unknown}
 h - a scroll of remove curse {unknown}
 i - 2 scrolls of blinking
 k - 2 scrolls of teleportation {unknown}
 r - a scroll of magic mapping {unknown}
 s - 2 scrolls of fear {unknown}
 x - a scroll of immolation {unknown}
 C - a scroll of random uselessness {unknown}
 D - a scroll of fog {unknown}
 E - a scroll of enchant weapon {unknown}
Potions
 j - a potion of flight {unknown}
 l - a potion of mutation {unknown}
 m - 3 potions of curing
 o - a potion of lignification {unknown}
 t - a potion of might {unknown}
 u - a potion of brilliance {unknown}
 w - a potion of resistance {unknown}
 A - a potion of invisibility {unknown}
 B - a potion of degeneration {unknown}
 F - a potion of berserk rage {unknown}
Comestibles
 d - 3 rations


   Skills:
 + Level 3.8 Short Blades
 + Level 3.8 Slings
 + Level 5.9 Dodging
 + Level 7.1 Stealth
 + Level 4.5 Spellcasting
 - Level 4.0 Hexes


You had 8 spell levels left.
You knew the following spells:

 Your Spells              Type           Power        Failure   Level  Hunger
a - Summon Small Mammal   Summ           #...         16%         1    None
b - Corona                Hex            ###....      3%          1    None
c - Confuse               Hex            ###.....     9%          3    ###....
x - Ensorcelled Hibernat  Hex/Ice        ##....       10%         2    ##.....

Your spell library contained the following spells:

 Spells                   Type           Power        Failure   Level  Hunger
 Apportation              Tloc           #.....       16%         1    None
 Animate Skeleton         Necr           N/A          16%         1    None
 Tukima's Dance           Hex            ###.....     9%          3    ###....
 Confusing Touch          Hex            ###...       3%          1    None
 Dazzling Spray           Conj/Hex       ##....       21%         3    ###....


Dungeon Overview and Level Annotations

Branches:
Dungeon (5/15)
 Temple: D:4-7

Altars:
Ashenzari
Qazlal
Uskayaw

Annotations:
D:4 Grinder, Menkaure


Innate Abilities, Weirdness & Mutations

You are very small and have problems with some larger weapons.
You are too small for most types of armour.
You have supernaturally acute eyesight. (SInv)
You are a herbivore.
You cover ground extremely quickly.
You need to consume almost no food.


Message History

The orc wizard casts a spell.
The orc wizard flickers and vanishes for a moment.
The orc wizard hits you but does no damage.
The orc completely misses you.
You barely miss the orc.
The orc is lightly wounded.
The orc misses you. The orc wizard completely misses you.
The orc wizard hits you but does no damage.
You see here a leather armour.
The orc wizard barely misses you.
The orc wizard looks braver for a moment.
The orc wizard looks braver for a moment.
The orc wizard points at you and mumbles some strange words.
The magic dart hits you!
* * * LOW HITPOINT WARNING * * *
Things that are here:
a dagger; a robe The orc wizard gestures at you while chanting.
The magic dart hits you!
You die...

#..## ..#.# #.##
#.###o# ##.## #.# #.#
#...# #.# #.# #...#
#.# #.# #...# #.# #.#
## ##.## #.# #.# #.
#.# #.# #)# #§ #.#
#.###@###############o
#.#
#...................§.
#.#
##....###############.
#.# #.#### #.
#.#######.# #.
#.......#.# #.
#######.#.# #. #.#.#
#. #.#.########### #.


You could see an orc wizard.

Vanquished Creatures
  An ogre (D:4)
  A centaur (D:5)
  2 scorpions
  3 orc wizards
  A gnoll shaman (D:4)
  An iguana (D:5)
  2 worker ants (D:4)
  2 gnolls (D:4)
  6 adders
  2 oozes
  2 dart slugs (D:3)
  3 worms
  2 leopard geckos
  9 orcs
  7 bats
  A giant cockroach (D:3)
  8 goblins
  6 hobgoblins
  4 jackals (D:2)
  3 quokkas
  6 frilled lizards
  6 kobolds
  9 rats
87 creatures vanquished.

Notes
Turn   | Place    | Note
-------+----------+-------------------------------------------
     0 | D:1      | Mamutox the Spriggan Enchanter began the quest for the Orb.
     0 | D:1      | Reached XP level 1. HP: 9/9 MP: 5/5
   439 | D:1      | Reached XP level 2. HP: 10/13 MP: 4/6
   882 | D:1      | Learned a level 2 spell: Ensorcelled Hibernation
  1396 | D:2      | Reached skill level 5 in Stealth
  1396 | D:2      | Reached XP level 3. HP: 16/16 MP: 4/8
  1474 | D:2      | Reached skill level 1 in Slings
  1828 | D:2      | Found a hide-covered altar of Uskayaw.
  1837 | D:2      | Reached XP level 4. HP: 20/21 MP: 9/9
  1842 | D:2      | Learned a level 3 spell: Confuse
  1903 | D:2      | Learned a level 1 spell: Summon Small Mammal
  3135 | D:3      | Found a shattered altar of Ashenzari.
  3317 | D:3      | Reached XP level 5. HP: 20/24 MP: 1/11
  3531 | D:3      | Found a stormy altar of Qazlal.
  3722 | D:4      | Reached skill level 6 in Stealth
  3875 | D:4      | Reached skill level 5 in Dodging
  3886 | D:4      | Reached XP level 6. HP: 19/28 MP: 2/12
  3901 | D:4      | Noticed Grinder
  4115 | D:5      | Entered Level 5 of the Dungeon
  5136 | D:4      | Reached skill level 7 in Stealth
  5136 | D:4      | Reached XP level 7. HP: 32/32 MP: 5/14
  5247 | D:4      | Noticed Menkaure
  5630 | D:4      | Killed from afar by an orc wizard

Vault maps used:
D:1:      eino_arrival_druids_welcome
D:2:      lemuel_crystal_altar
D:3:      marbit_many_paths, evilmike_ruin_ashenzari, first_ration,
          bh_walls_and_bars
D:4:      temple_hall, kennysheep_generic_room_13, uniq_menkaure, uniq_grinder

Skill      XL: |  1  2  3  4  5  6 |
---------------+-------------------+-----
Hexes          | 4 |  4.0
Stealth        | 5 6 7 |  7.1
Spellcasting   | 3 4 |  4.5
Slings         | 1 2 3 |  3.8
Short Blades   | 2 3 |  3.8
Dodging        | 4 5 |  5.9

Action                   |  1- 3 |  4- 6 |  7- 9 || total
-------------------------+-------+-------+-------++-------
Melee: Dagger            |    96 |   183 |    27 ||   306
 Fire: Blowgun           |       |     1 |       ||     1
 Cast: Corona            |     5 |       |       ||     5
       Ensorcelled Hiber |    11 |    69 |    10 ||    90
       Confuse           |       |     4 |     1 ||     5
       Summon Small Mamm |       |     2 |     4 ||     6
  Use: Scroll            |       |     1 |       ||     1
 Stab: Sleeping          |    18 |    34 |     2 ||    54
       Confused          |       |     1 |       ||     1
  Eat: Ration            |       |     3 |       ||     3
Armor: Robe              |     6 |    11 |     2 ||    19
Dodge: Dodged            |    62 |   185 |    23 ||   270

Table legend:
 A = Spawn XP
 B = Non-spawn XP
 C = Spawn XP percentage of total XP
 D = Spawn monster count
 E = Non-spawn monster count
 F = Spawn count percentage of total count
 G = Total turns spent on level
                    A         B        C        D         E        F      G
               +---------+---------+-------+---------+---------+-------+---------
         Total |       0 |     893 |   0.0 |       0 |      87 |   0.0 |  5630
               +---------+---------+-------+---------+---------+-------+---------
           D:1 |       0 |      26 |   0.0 |       0 |      14 |   0.0 |  1128
           D:2 |       0 |      75 |   0.0 |       0 |      21 |   0.0 |  1104
           D:3 |       0 |     127 |   0.0 |       0 |      32 |   0.0 |  1543
           D:4 |       0 |     402 |   0.0 |       0 |      16 |   0.0 |   943
           D:5 |       0 |     263 |   0.0 |       0 |       4 |   0.0 |   912
               +---------+---------+-------+---------+---------+-------+---------
